 Dungeon Crawl Stone Soup version 0.19.1 (webtiles) character file.

5183 ChaseSP the Cleaver (level 10, -3/70 HPs)
             Began as a Formicid Fighter on Dec 2, 2016.
             Was a Priest of Qazlal.
             Slain by a slime creature (8 damage)
             ... on level 7 of the Dungeon.
             The game lasted 00:15:50 (6982 turns).

ChaseSP the Cleaver (Formicid Fighter)              Turns: 6982, Time: 00:15:50

Health: -3/70      AC: 13    Str: 21    XL:     10   Next: 90%
Magic:  13/14      EV: 10    Int:  8    God:    Qazlal [***...]
Gold:   732        SH: 15    Dex: 15    Spells: 0 memorised, 9 levels left

rFire  . . .     SeeInvis +     a - +0 war axe
rCold  . . .     Gourm    .     A - +0 plate armour
rNeg   . . .     Faith    .     c - +0 shield
rPois  .         Spirit   .     (helmet unavailable)
rElec  .         Reflect  .     B - +0 cloak
rCorr  .         Harm     .     y - +0 pair of gloves
MR     +....                    (no boots)
Stlth  ..........               n - amulet of regeneration
                                t - +4 ring of evasion
                                e - +2 ring of dexterity

@: no status effects
A: permanent stasis, dig shafts and tunnels, four strong arms, antennae 3
a: Dig, Shaft Self, Upheaval, Elemental Force, Renounce Religion


You were on level 7 of the Dungeon.
You worshipped Qazlal.
Qazlal was most pleased with you.
You were not hungry.

You visited 2 branches of the dungeon, and saw 11 of its levels.
You also visited: Sewer.

You collected 732 gold pieces.

Inventory:

Hand Weapons
 a - a +0 war axe (weapon)
Missiles
 g - 48 bolts
Armour
 c - a +0 shield (worn)
 y - a +0 pair of gloves (worn)
 A - a +0 plate armour (worn)
 B - a +0 cloak (worn)
Jewellery
 e - a +2 ring of dexterity (left hand)
 n - an amulet of regeneration (around neck)
 t - a +4 ring of evasion (right hand)
Scrolls
 i - 3 scrolls of fear
 j - 3 scrolls of identify
 C - a scroll of remove curse
 D - a scroll of enchant weapon {unknown}
Potions
 d - 4 potions of might
 h - a potion of flight
 k - a potion of curing
 l - 3 potions of brilliance
 o - 4 potions of magic
 p - 2 potions of heal wounds {unknown}
 r - a potion of agility {unknown}
 v - a potion of mutation {unknown}
 z - a potion of cancellation {unknown}
Books
 u - a book of Minor Magic

   Spells                             Type                      Level
   a - Magic Dart                     Conjuration                  1
   b - Blink                          Translocation                2
   c - Call Imp                       Summoning                    2
   d - Repel Missiles                 Charms/Air                   2
   e - Slow                           Hexes                        2
   f - Conjure Flame                  Conjuration/Fire             3
   g - Mephitic Cloud                 Conjuration/Poison/Air       3
 x - a book of Necromancy

   Spells                             Type                      Level
   a - Pain                           Necromancy                   1
   b - Animate Skeleton               Necromancy                   1
   c - Vampiric Draining              Necromancy                   3
   d - Regeneration                   Charms/Necromancy            3
   e - Animate Dead                   Necromancy                   4
   f - Control Undead                 Necromancy                   4
Comestibles
 f - 5 bread rations
 m - 5 meat rations
 q - 3 beef jerkies
 s - a royal jelly
 E - a slice of pizza


   Skills:
 - Level 3.2 Fighting
 * Level 12.8 Axes
 - Level 3.2 Armour
 + Level 8.9 Shields
 + Level 5.3 Invocations


You had 9 spell levels left.
You didn't know any spells.

Dungeon Overview and Level Annotations

Branches:
Dungeon (10/15)            Temple (1/1) D:4
   Lair: D:8-11         Orc: D:9-12

Altars:
Cheibriados
Okawaru
Qazlal


Innate Abilities, Weirdness & Mutations

You are under a permanent stasis effect.
You can dig through walls and to a lower floor.
Your four strong arms can wield two-handed weapons with a shield.
You have a pair of large antennae on your head. (SInv)


Message History

You completely miss the wraith.
The wraith is severely damaged.
You hit the slime creature. You block the wraith's attack.
You block the slime creature's attack.
You closely miss the wraith.
The wraith is severely damaged.
You hit the slime creature. The wraith hits you.
* * * LOW HITPOINT WARNING * * *
The wraith drains your vigour!
Your stasis keeps you stable.
You block the slime creature's attack.
You hit the wraith.
The wraith is almost destroyed.
You hit the slime creature. The wraith hits you!
* * * LOW HITPOINT WARNING * * *
The slime creature misses you.
You slash the wraith!
You destroy the wraith!
Qazlal accepts your kill.
You hit the slime creature. The slime creature hits you!
You die...

..%####..## #.# #..#
#.# #..# #.# #..# #
#########'#####.##
#.#.#.#.#.##.......##.#
#.......##..#####..#.#
#....###)J#.##[.[##.#.#
##. #@##.#.....#.#.#
#..'.#......('.#
#...##.#.....#.#.###
#....#.##...##.#...#
.....##..#####..#.#.#
#.#.#.#.##.. ..##.#.# #
#'## # ###+#####.#[% .
{.........#.# ..
.#####.###.#


You could see a slime creature.

Vanquished Creatures
  A hill giant (D:7)
  A troll (D:9)
  Prince Ribbit (D:5)
  A hornet (D:7)
  A hippogriff (D:8)
  A wraith (D:7)
  A mottled dragon (D:7)
  An orc warrior (D:8)
  2 sky beasts
  Purgy (D:3)
  A black bear (D:9)
  A phantom (D:6)
  2 ice beasts
  5 ogres
  4 centaurs
  A crocodile (D:6)
  3 bullfrogs
  A water moccasin zombie (D:6)
  A wyvern skeleton (D:8)
  3 scorpions
  5 killer bees (D:8)
  4 crimson imps
  2 howler monkeys
  A centaur skeleton (D:8)
  A jelly (D:6)
  7 orc priests
  A bullfrog zombie (D:6)
  2 hounds
  6 orc wizards
  2 gnoll shamans (D:6)
  Terence (D:2)
  2 iguanas
  2 worker ants
  2 hound skeletons
  A worker ant zombie (D:9)
  Robin (D:4)
  13 gnolls
  11 adders
  A river rat (D:4)
  3 shadow imps
  4 oozes (Sewer)
  3 adder skeletons
  2 adder zombies
  8 worms
  3 dart slugs (D:1)
  4 leopard geckos
  25 orcs
  3 ball pythons
  16 bats
  7 giant cockroaches
  9 goblins
  13 hobgoblins
  16 jackals
  5 quokkas
  7 frilled lizards
  A jackal zombie (D:5)
  12 kobolds
  3 rats
242 creatures vanquished.

Notes
Turn   | Place    | Note
-------+----------+-------------------------------------------
     0 | D:1      | ChaseSP the Formicid Fighter began the quest for the Orb.
     0 | D:1      | Reached XP level 1. HP: 18/18 MP: 1/1
   179 | D:1      | Reached XP level 2. HP: 21/24 MP: 2/2
   236 | D:1      | Reached skill level 3 in Axes
   288 | D:1      | Reached XP level 3. HP: 29/29 MP: 3/3
   903 | D:2      | Reached skill level 4 in Axes
   903 | D:2      | Reached XP level 4. HP: 30/35 MP: 4/4
  1015 | D:2      | Noticed Terence
  1029 | D:2      | Killed Terence
  1503 | D:3      | Reached XP level 5. HP: 38/41 MP: 5/5
  1578 | D:3      | Reached skill level 5 in Axes
  1851 | D:3      | Noticed Purgy
  1867 | D:3      | Killed Purgy
  1867 | D:3      | Reached skill level 6 in Axes
  1867 | D:3      | Reached XP level 6. HP: 24/47 MP: 6/6
  2112 | D:3      | Found a faded altar of an unknown god.
  2221 | D:4      | Noticed Robin
  2224 | D:4      | Killed Robin
  2293 | D:4      | Found an iron altar of Okawaru.
  2447 | D:4      | Found a glowing drain.
  2496 | Sewer    | Entered a sewer
  2502 | Sewer    | Reached XP level 7. HP: 52/52 MP: 7/7
  2639 | Sewer    | Reached skill level 7 in Axes
  3108 | D:4      | Found a staircase to the Ecumenical Temple.
  3128 | Temple   | Entered the Ecumenical Temple
  3131 | Temple   | Became a worshipper of Qazlal Stormbringer
  3613 | D:5      | Entered Level 5 of the Dungeon
  3781 | D:5      | Reached skill level 8 in Axes
  3851 | D:5      | Noticed Prince Ribbit
  4077 | D:5      | Killed Prince Ribbit
  4077 | D:5      | Reached skill level 9 in Axes
  4077 | D:5      | Reached XP level 8. HP: 55/58 MP: 8/8
  4428 | D:6      | Reached * piety under Qazlal
  4505 | D:6      | Reached skill level 5 in Shields
  4521 | D:6      | Reached skill level 10 in Axes
  4566 | D:6      | Reached XP level 9. HP: 57/64 MP: 9/9
  5064 | D:6      | Reached skill level 11 in Axes
  5310 | D:7      | Reached ** piety under Qazlal
  5376 | D:7      | Noticed a wizard
  5376 | D:7      | Noticed a green ugly thing
  5386 | D:7      | Noticed a hill giant
  5413 | D:7      | Killed a hill giant
  5447 | D:7      | You fall through a shaft for 3 floors!
  5447 | D:10     | Entered Level 10 of the Dungeon
  5562 | D:10     | Noticed a hornet
  5617 | D:10     | Reached XP level 10. HP: 62/70 MP: 11/11
  6098 | D:9      | Reached skill level 12 in Axes
  6712 | D:8      | Reached *** piety under Qazlal
  6848 | D:7      | Reached skill level 5 in Invocations
  6982 | D:7      | Slain by a slime creature

Skill      XL: |  1  2  3  4  5  6  7  8  9 10 |
---------------+-------------------------------+-----
Axes           | 3 4 6 9 10 11 12 | 12.8
Shields        | 5 7 8 |  8.9
Invocations    | 2 5 |  5.3
Fighting       | |  3.2
Armour         | |  3.2

Action                   |  1- 3 |  4- 6 |  7- 9 | 10-12 || total
-------------------------+-------+-------+-------+-------++-------
Melee: War axe           |    74 |   224 |   418 |   315 ||  1031
Invok: Upheaval          |       |       |     1 |       ||     1
 Abil: Dig               |       |     3 |     7 |     4 ||    14
       Shaft Self        |       |       |     1 |       ||     1
  Use: Scroll            |     2 |     7 |     4 |       ||    13
       Potion            |       |       |     2 |     3 ||     5
 Stab: Distracted        |       |       |       |     1 ||     1
  Eat: Chunk             |       |     6 |    13 |     4 ||    23
       Pizza             |       |       |       |     1 ||     1
Armor: Scale mail        |    14 |     1 |   114 |    17 ||   146
       Ring mail         |    25 |    72 |       |       ||    97
       Plate armour      |       |       |       |    36 ||    36
Dodge: Dodged            |    30 |    94 |   174 |   106 ||   404
Block: Shield            |    53 |   126 |   217 |   199 ||   595
